 Seeded DCSS version 0.29.1-1-gd02db6906a (webtiles) character file.

Game seed: 15251138685299849842 (custom seed)

490 bwicke the Shield-Bearer (level 7, -11/41 HPs)
             Began as a Gargoyle Fighter on Sept 19, 2022.
             Shot with a bolt by an orc warrior (19 damage)
             ... on level 4 of the Dungeon.
             The game lasted 00:11:24 (4317 turns).

bwicke the Shield-Bearer (Gargoyle Fighter)         Turns: 4317, Time: 00:11:24

Health: -11/41     AC: 12    Str: 21    XL:     7   Next: 14%
Magic:  7/7        EV:  9    Int:  9    God:
Gold:   223        SH:  5    Dex:  9    Spells: 6/6 levels left

rFire   . . .      SeeInvis .   a - +0 flail
rCold   . . .      Faith    .   c - +0 buckler
rNeg    + . .      Spirit   .   b - +0 scale mail
rPois   ∞          Reflect  .   (no helmet)
rElec   +          Harm     .   (no cloak)
rCorr   .          Rampage  .   B - +0 pair of gloves
Will    .....                   (no boots)
Stlth   ..........              (no amulet)
HPRegen 0.13/turn               (no ring)
MPRegen 0.10/turn               (no ring)

@: no status effects
A: sickness immunity, AC +4, negative energy resistance 1, electricity
resistance, torment resistance 1, petrification resistance
a: no special abilities


You were on level 4 of the Dungeon.
You visited 1 branch of the dungeon, and saw 4 of its levels.

You collected 223 gold pieces.

Inventory:

Hand Weapons
 a - a +0 flail (weapon)
 g - a +2 dagger of protection
 m - the +4 dagger of Noon {vorpal, rPois Dex+5}
   (You found it on level 2 of the Dungeon)

   It inflicts extra damage upon your enemies.
   Dex:       It affects your dexterity (+5).
   rPois:     It protects you from poison.
 n - a +0 sling
 p - a +0 dagger of electrocution
 A - a +1 dagger of speed
Missiles
 z - 5 poisoned darts (quivered)
Armour
 b - a +0 scale mail (worn)
 c - a +0 buckler (worn)
 y - an orb of light
 B - a +0 pair of gloves (worn)
Magical Staves
 v - a staff of death
Jewellery
 e - an amulet of reflection
Wands
 s - a wand of acid (7)
Scrolls
 f - a scroll of vulnerability {unknown}
 h - 5 scrolls of teleportation {unknown}
 l - 2 scrolls of poison {unknown}
 o - a scroll of summoning {unknown}
 q - 4 scrolls of identify {unknown}
 t - a scroll of noise {unknown}
 u - 2 scrolls of blinking {unknown}
 x - a scroll of fear {unknown}
Potions
 d - 2 potions of might
 i - 2 potions of brilliance {unknown}
 j - a potion of magic {unknown}
 k - a potion of flight {unknown}
 r - 2 potions of curing {unknown}
 D - a potion of heal wounds {unknown}
Miscellaneous
 w - a piece from Xom's chessboard (15/15)
 C - a tin of tremorstones (2/2)


   Skills:
 - Level 3.2 Fighting
 + Level 3.7 Maces & Flails
 - Level 3.2 Armour
 - Level 7.9 Shields


You had 6 spell levels left.
You didn't know any spells.
Your spell library contained the following spells:

 Spells                   Type           Power      Damage    Failure   Level
 Dazzling Flash           Conj/Hex       0%         N/A       99%         3
 Ignite Poison            Fire/Tmut/Pois 0%         N/A       99%         3
 Mephitic Cloud           Conj/Pois/Air  0%         N/A       99%         3
 Animate Dead             Necr           0%         N/A       100%        4
 Iskenderun's Mystic Bla  Conj/Tloc      0%         2d3       100%        4
 Freezing Cloud           Conj/Ice/Air   0%         6-21      100%        5
 Iskenderun's Battlesphe  Conj           0%         2d6       100%        5
 Summon Forest            Summ/Tloc      0%         N/A       100%        5
 Eringya's Noxious Bog    Tmut/Pois      0%         N/A       100%        6
 Iron Shot                Conj/Erth      0%         9d1       100%        6
 Starburst                Conj/Fire      0%         6d3       100%        6
 Haunt                    Necr/Summ      0%         N/A       100%        7
 Spellforged Servitor     Conj/Summ      0%         N/A       100%        7
 Summon Hydra             Summ           0%         N/A       100%        7
 Infestation              Necr           0%         N/A       100%        8


Dungeon Overview and Level Annotations

Branches:
Dungeon (4/15)
 Temple: D:4-7

Altars:
Kikubaaqudgha
The Shining One

Shops:
D:3 (=


Innate Abilities, Weirdness & Mutations

You are immune to sickness and miasma.
Your stone body is resilient. (AC +4)
You are immune to poison.
You resist negative energy. (rN+)
You are resistant to electric shocks. (rElec)
You are resistant to unholy torment.
You are immune to petrification.


Message History

The hobgoblin closely misses you.
You barely miss the hobgoblin.
The hobgoblin is almost dead.
The hobgoblin hits you but does no damage.
You sock the hobgoblin!
You kill the hobgoblin!
You are no longer corroded.
A goblin comes into view. It is wielding a +0 dagger.
The goblin shouts!
You hear a shout!
An orc warrior comes into view. It is wielding a +0 dire flail.
Found a runed sling.
The orc warrior shouts!
The orc warrior unwields a +0 dire flail.
The orc warrior wields a +0 arbalest.
The orc warrior shoots a bolt.
The bolt barely misses you.
The goblin unwields a +0 dagger.
The goblin wields a +0 sling.
The goblin shoots a sling bullet.
The sling bullet hits you.
The goblin shoots a sling bullet.
The sling bullet hits you but does no damage.
You closely miss the orc warrior.
The orc warrior unwields a +0 arbalest.
The orc warrior wields a +0 dire flail.
The orc warrior barely misses you.
You completely miss the orc warrior. The orc warrior barely misses you.
The orc warrior closely misses you.
You completely miss the orc warrior. You block the orc warrior's attack.
You hit the orc warrior.
The orc warrior is lightly wounded.
The orc warrior hits you with a +0 dire flail!
You closely miss the orc warrior.
The orc warrior is lightly wounded.
The orc warrior hits you with a +0 dire flail!
* * * LOW HITPOINT WARNING * * *
The orc warrior completely misses you.
You barely miss the orc warrior.
The orc warrior is lightly wounded.
You block the orc warrior's attack.
Okay, then.
The orc warrior unwields a +0 dire flail.
The orc warrior wields a +0 arbalest.
The orc warrior shoots a bolt.
The bolt hits you!!
You die...

#.#8....8# #....##..#....#(#
#.#......# ######...#....#.#
#.#.....[# ## ##..##....#.####
#..#8....8# #). .##.##....#.(..#
#..##8..8#####.##.#.##....#.##.#
#...##''##.†.##o#.#.......+.##.#
#......)...##.#...#.......#.##.)
#..........#.####o#.##......####
#..........##..@.##.######### #.
#...........######..# #.
#..................## #.
#............###.### #.
#................# #.
#............##### ##
#............# ............#
...........#


You could see an orc warrior.

Vanquished Creatures
  A black bear (D:4)
  A necrophage (D:4)
  A bullfrog (D:4)
  2 jellies (D:4)
  An iguana (D:4)
  2 orc wizards (D:4)
  6 adders
  An ufetubus (D:4)
  A worm (D:2)
  2 dart slugs (D:2)
  3 orcs (D:4)
  8 ball pythons
  7 endoplasms
  2 giant cockroaches
  8 goblins
  5 hobgoblins
  5 jackals
  A quokka (D:4)
  4 bats
  5 frilled lizards
  13 kobolds
  5 rats
84 creatures vanquished.

Notes
Turn   | Place    | Note
-------+----------+-------------------------------------------
     0 | D:1      | bwicke the Gargoyle Fighter began the quest for the Orb.
     0 | D:1      | Reached XP level 1. HP: 14/14 MP: 1/1
   205 | D:1      | Reached XP level 2. HP: 19/19 MP: 2/2
   460 | D:1      | Found a faded altar of an unknown god.
   965 | D:1      | Reached XP level 3. HP: 23/23 MP: 3/3
  1323 | D:2      | Reached skill level 4 in Shields
  1335 | D:2      | Identified the +4 dagger of Noon {vorpal, rPois Dex+5}
  1894 | D:2      | Reached XP level 4. HP: 28/28 MP: 4/4
  2436 | D:3      | Found an ancient bone altar of Kikubaaqudgha.
  2489 | D:3      | Found Ovi Elib's Jewellery Shop.
  2511 | D:3      | Found a glowing golden altar of the Shining One.
  2604 | D:3      | Reached skill level 5 in Shields
  2699 | D:3      | Found Pityrch's Weapon Emporium.
  3339 | D:4      | Reached XP level 5. HP: 29/32 MP: 5/5
  3372 | D:4      | Found a large runed translucent door.
  3372 | D:4      | Found a large runed translucent door.
  3397 | D:4      | Noticed a black bear
  3409 | D:4      | Reached skill level 6 in Shields
  3416 | D:4      | Killed a black bear
  3417 | D:4      | Reached skill level 7 in Shields
  3417 | D:4      | Reached XP level 6. HP: 16/37 MP: 6/6
  3419 | D:4      | Found a large runed translucent door.
  3419 | D:4      | Found a large runed translucent door.
  3982 | D:4      | Reached XP level 7. HP: 31/41 MP: 7/7
  4317 | D:4      | Shot with a bolt by an orc warrior

Illustrated notes

Levels and vault maps discovered:
D:1:      dpeg_arrival_pond, layout_rooms,
          hellmonk_ecumenical_altar_pennies_from_heaven, grunt_decor_junction,
          minmay_misc_feat_roman
D:2:      layout_basic
D:3:      layout_basic, lemuel_tele_altar, nicolae_overflow_crystal_walls,
          serial_shops, shop, nicolae_shop_crystal
D:4:      layout_basic, minmay_misc_feat_five, minmay_hollow_rounded_squares

Skill      XL: |  1  2  3  4  5 |
---------------+----------------+-----
Maces & Flails | 3 |  3.7
Shields        | 4 5 7 |  7.9
Fighting       | |  3.2
Armour         | |  3.2

Action                   |  1- 3 |  4- 6 |  7- 9 || total
-------------------------+-------+-------+-------++-------
Melee: Flail             |   123 |   157 |    30 ||   310
Armor: Scale mail        |    73 |    86 |    19 ||   178
Dodge: Dodged            |    55 |    75 |    17 ||   147
Block: Buckler           |    21 |    33 |     6 ||    60
